 Dungeon Crawl Stone Soup version 0.30.1-4-g462c640d31 (webtiles) character file.

Game seed: 14943996450317904091

466 Kazma the Cudgeller (level 7, -6/52 HPs)
             Began as a Human Gladiator on Sept 3, 2023.
             Mangled by an ogre
             ... wielding a +0 giant spiked club
              (24 damage)
             ... on level 4 of the Dungeon.
             The game lasted 00:49:21 (4425 turns).

Kazma the Cudgeller (Human Gladiator)               Turns: 4425, Time: 00:49:22

Health: -6/52      AC:  8    Str: 17    XL:     7   Next: 30%
Magic:  7/7        EV: 11    Int:  8    God:
Gold:   274        SH:  0    Dex: 14    Spells: 6/6 levels left

rFire   . . .        i - +0 mace
rCold   . . .        (no shield)
rNeg    . . .        C - +0 ring mail
rPois   .            c - +0 helmet
rElec   .            w - +0 cloak
rCorr   .            (no gloves)
SInv    .            (no boots)
Will    .....        (no amulet)
Stlth   +            (no ring)
HPRegen 0.28/turn    (no ring)
MPRegen 0.10/turn

%: no passive effects
@: no status effects
A: no striking features
a: no special abilities


You were on level 4 of the Dungeon.
You visited 1 branch of the dungeon, and saw 5 of its levels.

You collected 274 gold pieces.

Inventory:

Hand Weapons
 a - a +0 flail
 i - a +0 mace (weapon)
 u - a +0 whip
 B - a +1 sling of electrocution
 F - a +0 mace
Missiles
 d - 3 throwing nets
 q - 58 stones
 y - 4 poisoned darts (quivered)
 z - a javelin
Armour
 c - a +0 helmet (worn)
 g - a +0 leather armour
 v - a +0 ring mail
 w - a +0 cloak (worn)
 C - a +0 ring mail (worn)
 I - a +0 robe of willpower
 K - a +0 scale mail
 L - a +0 pair of gloves
Magical Staves
 J - a staff of air
Jewellery
 l - a ring of fire
Scrolls
 e - a scroll of fear {unknown}
 f - a scroll of immolation {unknown}
 h - 2 scrolls of identify {unknown}
 k - 2 scrolls of poison {unknown}
 n - 2 scrolls of blinking {unknown}
 p - a scroll of noise {unknown}
 r - a scroll of amnesia {unknown}
 s - a scroll of butterflies {unknown}
 t - a scroll of fog {unknown}
 D - a scroll of magic mapping {unknown}
 G - 2 scrolls of teleportation {unknown}
Potions
 b - 2 potions of berserk rage {unknown}
 j - a potion of flight {unknown}
 m - a potion of lignification {unknown}
 o - a potion of degeneration {unknown}
 x - 3 potions of haste {unknown}
 A - a potion of brilliance {unknown}
 E - a potion of ambrosia {unknown}
 H - a potion of curing {unknown}
 M - a potion of might {unknown}


   Skills:
 + Level 3.6 Fighting
 + Level 4.3 Maces & Flails
 + Level 2.9 Throwing
 + Level 3.6 Armour
 - Level 3.0 Dodging
 - Level 3.0 Shields


You had 6 spell levels left.
You didn't know any spells.
Your spell library contained the following spells:

 Spells                   Type           Power      Damage    Failure   Level
 Apportation              Tloc           0%         N/A       61%         1
 Necrotise                Necr           0%         1d4       61%         1
 Summon Small Mammal      Summ           0%         N/A       61%         1
 Vampiric Draining        Necr           0%         2d6       93%         3
 Agony                    Necr           0%         N/A       100%        5


Dungeon Overview and Level Annotations

Branches:
Dungeon (5/15)
 Temple: D:4-7

Altars:
Dithmenos


Message History

You start resting.
HP restored.
You climb downwards.
There is a stone staircase leading up here.
An ogre comes into view. It is wielding a +0 giant spiked club.
The ogre shouts!
The orc wizard completely misses you.
You barely miss the orc wizard. The orc wizard closely misses you.
You hit the orc wizard.
The orc wizard is moderately wounded.
The orc wizard hits you with a +0 dagger.
You closely miss the orc wizard.
The orc wizard is moderately wounded.
The orc wizard hits you but does no damage.
The orc wizard closely misses you.
You completely miss the orc wizard.
The orc wizard is moderately wounded.
The orc wizard gestures at you while chanting.
The magic dart hits you!
The orc wizard mumbles some strange words.
The orc wizard flickers and vanishes!
Deactivating autopickup; reactivate with Ctrl-A.
There is a stone staircase leading up here.
You can't go down here!
The ogre barely misses you.
You climb upwards.
Reactivating autopickup.
There is a stone staircase leading down here.
You sock the ogre!
The ogre is moderately wounded.
You hit the ogre.
The ogre is heavily wounded.
The ogre hits you with a +0 giant spiked club!
You barely miss the ogre.
The ogre is heavily wounded.
The ogre hits you with a +0 giant spiked club!!
You hit the ogre.
The ogre is severely wounded.
The ogre hits you with a +0 giant spiked club!!
You die...

###### #....# ######## #....#
#......# #....##########.####.#
######## #....#......#...# #.#
.......#####....#.####.#.######.#
................@..<.#.#.#......#
.......#####...[O.#..#.#<#.###...
.......# #......#..#.###.###.##
.......# #......#..#...........
.......#####......#......#.###...
.......##...........####.........
.......##.###....#########.###..†
..........# #............#.......
..........# #....#######.#.###.#.


You could see an ogre.

Vanquished Creatures
  A black bear (D:5)
  A howler monkey (D:4)
  A hound (D:5)
  An orc priest (D:3)
  An iguana (D:4)
  4 gnolls (D:2)
  7 adders
  2 worms
  6 dart slugs
  10 orcs
  8 ball pythons
  11 endoplasms
  6 giant cockroaches
  8 goblins
  10 hobgoblins
  2 jackals (D:4)
  8 kobolds
  4 quokkas
  9 bats
  24 rats
124 creatures vanquished.

Notes
Turn   | Place    | Note
-------+----------+-------------------------------------------
     0 | D:1      | Kazma the Human Gladiator began the quest for the Orb.
     0 | D:1      | Reached XP level 1. HP: 16/16 MP: 1/1
   272 | D:1      | Reached XP level 2. HP: 19/22 MP: 2/2
   357 | D:1      | Reached skill level 1 in Shields
   411 | D:1      | Reached skill level 1 in Armour
   583 | D:1      | Reached XP level 3. HP: 27/27 MP: 3/3
   935 | D:1      | Found a faded altar of an unknown god.
  1053 | D:1      | Reached XP level 4. HP: 25/34 MP: 4/4
  1744 | D:2      | Reached XP level 5. HP: 8/39 MP: 5/5
  2662 | D:3      | Reached XP level 6. HP: 46/46 MP: 6/6
  2732 | D:3      | HP: 2/46 [orc priest/divine providence (12)]
  3758 | D:4      | Reached skill level 4 in Maces & Flails
  4042 | D:5      | Entered Level 5 of the Dungeon
  4048 | D:5      | Found a shadowy altar of Dithmenos.
  4110 | D:5      | Noticed a black bear
  4132 | D:5      | Killed a black bear
  4133 | D:5      | Reached XP level 7. HP: 21/52 MP: 7/7
  4425 | D:4      | Mangled by an ogre

Illustrated notes

Levels and vault maps discovered:
D:1:      dpeg_arrival_chambers_temple_mockup, layout_rooms,
          basic_ecumenical_altar, minmay_tetromino_l4
D:2:      layout_basic, serial_corexii_hall, chequers_hall_statues_wall_a,
          chequers_hall_statues_wall_a, hangedman_decor_peaks_small,
          minmay_rat_hole
D:3:      layout_basic
D:4:      layout_basic
D:5:      layout_basic, nicolae_dithmenos_shadow_blocks

Skill      XL: |  1  2  3  4  5  6 |
---------------+-------------------+-----
Shields        | 1 2 3 |  3.0
Armour         | 1 2 3 |  3.6
Fighting       | 3 |  3.6
Maces & Flails | 4 |  4.3
Throwing       | |  2.9
Dodging        | |  3.0

Action                     |  1- 3 |  4- 6 |  7- 9 || total
---------------------------+-------+-------+-------++-------
  Melee: Flail             |    76 |    55 |       ||   131
         Punch             |     1 |     4 |       ||     5
         Mace              |       |   266 |    26 ||   292
  Throw: Javelin           |     1 |     1 |       ||     2
         Throwing net      |     1 |       |       ||     1
         Dart              |       |     3 |       ||     3
    Use: Potion            |       |     3 |       ||     3
   Stab: Sleeping          |       |     2 |       ||     2
 Armour: Leather armour    |    21 |    56 |       ||    77
         Ring mail         |       |    47 |     7 ||    54
  Dodge: Dodged            |    45 |   224 |    13 ||   282
